 Dungeon Crawl Stone Soup version 0.30-a0-474-g5673dd7ce6 (webtiles) character file.

Game seed: 1781243690394711966

75009 M4edhros the Nimble (level 15, -6/98 HPs)
             Began as an Octopode Artificer on Dec 18, 2022.
             Was an Elder of Cheibriados.
             Killed by the raging water
             ... invoked by a water nymph
              (21 damage)
             ... on level 2 of the Shoals on Dec 20, 2022.
             The game lasted 01:18:27 (8859 turns).

M4edhros the Nimble (Octopode Artificer)            Turns: 8859, Time: 01:18:28

Health: -6/98      AC:  7    Str: 26    XL:     15   Next: 48%
Magic:  15/20      EV: 24    Int: 29    God:    Cheibriados [****..]
Gold:   913        SH: 18    Dex: 28    Spells: 5/21 levels left

rFire   + . .      SeeInvis .      - Unarmed
rCold   . . .      Faith    .    t - +4 kite shield {rN+}
rNeg    + + .      Spirit   .    D - +2 hat
rPois   .          Reflect  .    g - amulet of regeneration
rElec   .          Harm     .    f - +6 ring of intelligence
rCorr   .          Rampage  .    B - +4 ring of protection
Will    ++...      Clarity  +    i - ring of wizardry
Stlth   +++++++...               H - ring of Secrets {Fly rF+}
HPRegen 1.16/turn                M - ring of willpower
MPRegen 0.17/turn                S - ring of positive energy
                                 (no ring)
                                 (no ring)

@: spiked, flying, studying Long Blades, very slow
A: almost no armour, amphibious, 8 rings, camouflage 1, gelatinous body 1,
nimble swimmer 1, tentacles, clarity, strong 1
a: Renounce Religion, Bend Time, Temporal Distortion, Slouch


You were on level 2 of the Shoals.
You worshipped Cheibriados.
Cheibriados was greatly pleased with you.
You visited 5 branches of the dungeon, and saw 24 of its levels.
You also visited: Ossuary.

You collected 1950 gold pieces.
You spent 1037 gold pieces at shops.

Inventory:

Hand Weapons
 h - the +8 short sword of Piobb {freeze, rC+ SInv}
   (You took it off a merfolk on level 1 of the Shoals)

   It freezes those it strikes, dealing additional cold damage.
   It can also slow down cold-blooded creatures.
   rC:        It protects you from cold.
   SInv:      It lets you see invisible.
 F - the +12 shortbow of Imewkimo {speed, Str+4}
   (You found it on level 12 of the Dungeon)

   Attacks with this weapon are significantly faster.
   Str:       It affects your strength (+4).
   Cheibriados disapproves of the use of such an item.
 G - a +1 sling of draining
Missiles
 c - 4 curare-tipped darts
 q - 34 poisoned darts (quivered)
 A - 4 throwing nets
 C - 3 atropa-tipped darts
 O - 6 javelins
Armour
 t - a +4 kite shield of positive energy (worn)
 D - a +2 hat (worn)
Magical Staves
 m - a staff of fire
Jewellery
 f - a +6 ring of intelligence (left tentacle)
 g - an amulet of regeneration (around mantle)
 i - a ring of wizardry (on tentacle)
 z - an amulet of the acrobat
 B - a +4 ring of protection (right tentacle)
 H - the ring of Secrets (on tentacle) {Fly rF+}
   (You found it on level 13 of the Dungeon)

   [ring of flight]

   rF:        It protects you from fire.
   Fly:       It grants you flight.
 M - a ring of willpower (on tentacle)
 R - an amulet of reflection
 S - a ring of positive energy (on tentacle)
Wands
 b - a wand of flame (6)
 j - a wand of polymorph (12)
 y - a wand of paralysis (8)
 E - a wand of mindburst (13)
Scrolls
 a - a scroll of fear
 k - 5 scrolls of amnesia
 l - a scroll of blinking
 o - 2 scrolls of teleportation
 r - 4 scrolls of poison
 s - 2 scrolls of summoning
 w - a scroll of noise
 I - 2 scrolls of vulnerability
 N - a scroll of silence {unknown}
 P - a scroll of fog {unknown}
Potions
 d - a potion of lignification
 e - 6 potions of haste
 n - a potion of attraction
 p - a potion of mutation
 u - 4 potions of curing
 v - 2 potions of flight
 K - a potion of heal wounds
 L - 3 potions of ambrosia
 Q - 2 potions of resistance
 T - a potion of invisibility {unknown}
Miscellaneous
 J - a phial of floods


   Skills:
 - Level 7.6 Fighting
 - Level 12.2 Dodging
 - Level 10.2 Stealth
 - Level 10.8 Shields
 - Level 11.2 Unarmed Combat
 - Level 3.5 Spellcasting
 - Level 4.4 Hexes
 - Level 5.8 Summonings
 - Level 5.8 Translocations
 * Level 5.4 Transmutations
 * Level 5.4 Earth Magic
 - Level 7.7 Invocations
 - Level 8.5 Evocations


You had 5 spell levels left.
You knew the following spells:

 Your Spells              Type           Power      Damage    Failure   Level
a - Summon Forest         Summ/Tloc      19%        N/A       16%         5
b - Summon Mana Viper     Hex/Summ       34%        N/A       21%         5
c - Statue Form           Tmut/Erth      24%        N/A       65%         6

Your spell library contained the following spells:

 Spells                   Type           Power      Damage    Failure   Level
 Sting                    Tmut/Pois      84%        1d7       1%          1
 Gell's Gravitas          Tloc           39%        N/A       1%          3
 Teleport Other           Tloc           39%        N/A       1%          3
 Portal Projectile        Hex/Tloc       70%        N/A       2%          3
 Tukima's Dance           Hex            30%        N/A       3%          3
 Magic Dart               Conj           20%        1d4       6%          1
 Shock                    Conj/Air       20%        1d4       6%          1
 Petrify                  Tmut/Erth      36%        N/A       6%          4
 Poisonous Vapours        Pois/Air       10%        N/A       10%         2
 Searing Ray              Conj           10%        2d4       10%         2
 Blade Hands              Tmut           18%        N/A       17%         5
 Swiftness                Air            5%         N/A       19%         3
 Fulminant Prism          Conj/Hex       9%         3d7       24%         4
 Airstrike                Air            2%         2d(1-17)  50%         4
 Olgreb's Toxic Radiance  Pois           5%         N/A       50%         4
 Metabolic Englaciation   Hex/Ice        9%         N/A       52%         5
 Dispersal                Tloc           19%        N/A       61%         6
 Summon Cactus Giant      Summ           19%        N/A       61%         6


Dungeon Overview and Level Annotations

Branches:
Dungeon (14/15)            Temple (1/1) D:5            Lair (5/5) D:9
 Shoals (2/4) Lair:2       Spider (0/4) Lair:2        Slime (0/5) Lair:4
    Orc (2/2) D:9             Elf (0/3) Orc:2        Vaults (0/5) D:14
Ossuary (visited)

Altars:
Cheibriados
Dithmenos
Fedhas
Gozag
Hepliaklqana
Okawaru
Qazlal
Ru
Sif Muna
Uskayaw
Vehumet
Wu Jian
Xom
Jiyva

Shops:
D:4 (   D:7 (   Orc:2 :![(?

Annotations:
D:6 2 transporters, Tutankhamun's ghost, novice TrMo
D:13 1 transporter, Titania's ghost, journeyman GrEE


Innate Abilities, Weirdness & Mutations

You cannot wear most types of armour.
You are amphibious.
You can wear up to eight rings at the same time.
Your skin changes colour to match your surroundings (Stealth+).
Your rubbery body absorbs attacks. (AC +1, EV +1)
You are camouflaged when in or above water. (Stealth+)
You have tentacles for arms and can constrict up to eight enemies at once.
You possess an exceptional clarity of mind.
Your muscles are strong. (Str +4, Int/Dex -1)


Message History

The barbed spikes become lodged in your body.
You block the water nymph's attack.
The harpy screeches!
Unknown command.
What are your orders? t - Shout!
Orders for allies: a - Attack new target. r - Retreat! s - Stop attacking. g - Guard the area. f - Follow me.
Anything else - Cancel.
You shout for attention!
You constrict the water nymph.
The harpy screeches! x2
The manticore flicks its tail.
You block the volley of spikes. The water nymph casts a spell at you.
The water rises up and strikes you!!
* * * LOW HITPOINT WARNING * * *
Unknown command.
Activating: Slouch (7% risk of failure)
Press: ? - help, Dir - look around, f - activate You can feel time thicken for a moment.
You kill the harpy!
Cheibriados thoroughly appreciates the change of pace.
You kill the harpy!
Cheibriados thoroughly appreciates the change of pace.
You kill the harpy!
Cheibriados thoroughly appreciates the change of pace.
You can now step out of the flow of time.
Cheibriados raises the support of your attributes as your movement slows.
You kill the harpy!
Cheibriados thoroughly appreciates the change of pace.
You kill the harpy!
Cheibriados thoroughly appreciates the change of pace.
You can no longer step out of the flow of time.
Cheibriados lowers the support of your attributes as your movement quickens.
You constrict the water nymph. The water nymph casts a spell at you.
The water rises up and strikes you!!
You die...

≈≈≈~~~~~~~≈≈~..#.~~~≈
≈≈≈~≈≈~≈~~~≈≈≈≈...#..~≈≈
~~≈≈~≈≈≈≈~≈≈≈≈≈≈.)..~~≈≈
~~≈≈~~≈≈≈≈≈≈≈≈≈≈~...≈≈≈≈
~~≈≈≈~~~~~....≈≈≈~~~≈≈≈.
.~≈≈≈≈~~~.##...≈≈≈≈≈≈≈..
≈~~~~≈~~~..##..###.~~~..
≈~~~H≈~m~~.........~~~..
~~~~~~~@≈≈~.....^..~~~~P
~~≈~~~~~≈≈≈.......~~~~~~
≈≈≈~~~~.####..~..~~~~~~P
≈≈≈~~~.†# #..~~~~~~~P~P
≈≈≈~~††.# ...~~~~~~P~~P
≈≈≈≈~~~~. .~~~~~~~~~~≈≈≈
≈≈≈≈~~~†~.~~~~~~~≈≈≈≈≈ ≈
###≈≈~~~~~~~~~~~~≈≈≈≈≈
#≈≈≈~~ ≈~~~≈≈≈


You could see a manticore and a water nymph.

Vanquished Creatures
  Mlioglotl (Shoals:1)
  Kirke (Lair:3)
  An orc warlord (Orc:2)
  Azrael (Orc:2)
  Snorg (Lair:3)
  4 merfolk impalers
  4 hydras
  2 merfolk aquamancers (Shoals:1)
  A catoblepas (Lair:1)
  Erolcha (D:9)
  2 boulder beetles
  2 two-headed ogres
  7 death yaks
  Urug (Lair:4)
  2 orc high priests (Orc:2)
  Amaemon (D:8)
  6 sea snakes
  4 skeletal warriors (D:13)
  A deep elf pyromancer (D:12)
  5 harpies (Shoals:2)
  6 orc knights
  3 orc sorcerers
  4 fauns (Shoals:1)
  A manticore (Shoals:1)
  3 cyclopes
  2 merfolk sirens (Shoals:1)
  An elephant (D:9)
  2 black mambas
  A water nymph (Shoals:1)
  A gargoyle (D:11)
  An orange demon (D:8)
  17 cane toads
  4 komodo dragons
  An unseen horror (D:11)
  An efreet (D:13)
  2 rime drakes (Lair:3)
  A kobold demonologist (D:11)
  A queen bee (D:13)
  9 trolls
  2 polar bears
  A meliai (D:13)
  2 wind drakes (Shoals:1)
  9 merfolk
  5 tyrant leeches (Lair:5)
  3 hornets
  20 blink frogs
  5 snapping turtles
  5 slime creatures (D:13)
  A jumping spider (Lair:2)
  37 yaks
  4 wyverns
  4 shadows
  3 wraiths
  2 water elementals (Shoals:1)
  3 fire elementals (Orc:2)
  2 basilisks
  A hog (Lair:3)
  A steam dragon (D:7)
  4 vampire mosquitoes
  4 wargs
  An acid dragon (D:10)
  8 water moccasins
  A hell hound (Orc:2)
  45 orc warriors
  2 black bears
  3 ogres
  9 wolves
  3 centaurs
  A phantom (D:5)
  5 kobold brigands
  16 bullfrogs
  A gnoll sergeant (D:11)
  4 scorpions
  5 water moccasin zombies (Ossuary)
  12 killer bees
  An electric eel (Lair:2)
  5 howler monkeys
  A gnoll bouda (D:9)
  25 orc priests
  4 hounds
  Terence (D:2)
  23 orc wizards
  An iguana (D:6)
  3 mummies
  8 gnolls
  3 adders
  2 white imps (D:7)
  6 adder zombies (Ossuary)
  5 worms
  A dart slug (D:9)
  88 orcs
  3 endoplasms
  2 giant cockroaches
  6 gnoll zombies (Ossuary)
  A goblin (D:1)
  3 hobgoblins
  2 jackals (D:5)
  4 quokkas
  4 ball pythons
  2 bats (D:3)
  2 frilled lizards
  4 hobgoblin zombies (Ossuary)
  34 kobolds
  4 kobold zombies (Ossuary)
  7 orc zombies (Ossuary)
  2 rats (D:1)
  A butterfly (Lair:1)
601 creatures vanquished.

Vanquished Creatures (collateral kills)
  A kobold brigand (D:6)
  An iguana (D:5)
  4 gnolls (D:2)
  An ufetubus (D:5)
  A dart slug (D:5)
  An orc (D:5)
  A bat (D:2)
  2 kobolds (D:6)
12 creatures vanquished.

Vanquished Creatures (others)
  A white imp (D:5)
  An ufetubus (D:5)
  2 bushes (Lair:2)
  22 fungi
  96 plants
122 creatures vanquished.

Grand Total: 735 creatures vanquished

Notes
Turn   | Place    | Note
-------+----------+-------------------------------------------
     0 | D:1      | M4edhros the Octopode Artificer began the quest for the
                  | Orb.
     0 | D:1      | Reached XP level 1. HP: 13/13 MP: 1/1
   167 | D:2      | Noticed Terence
   183 | D:2      | Reached XP level 2. HP: 18/18 MP: 2/2
   203 | D:2      | Reached skill level 3 in Dodging
   203 | D:2      | Reached XP level 3. HP: 23/23 MP: 3/3
   366 | D:4      | Reached XP level 4. HP: 21/28 MP: 4/4
   382 | D:5      | Entered Level 5 of the Dungeon
   382 | D:5      | Noticed an ogre
   435 | D:5      | Found a staircase to the Ecumenical Temple.
   442 | D:5      | Noticed a scorpion
   465 | D:5      | Reached skill level 4 in Dodging
   465 | D:5      | Reached XP level 5. HP: 26/33 MP: 5/5
   475 | Temple   | Entered the Ecumenical Temple
   509 | Temple   | Became a worshipper of Cheibriados the Contemplative
   668 | D:5      | Reached skill level 1 in Unarmed Combat
   668 | D:5      | Reached XP level 6. HP: 20/38 MP: 6/6
   675 | D:5      | Noticed a yak
   692 | D:5      | Killed a yak
   693 | D:5      | Reached skill level 5 in Dodging
   723 | D:5      | Reached XP level 7. HP: 43/43 MP: 7/7
   822 | D:5      | Reached skill level 5 in Stealth
   822 | D:5      | Reached skill level 5 in Evocations
   883 | D:5      | Found a sand-covered staircase.
   891 | Ossuary  | Entered an ossuary
   971 | Ossuary  | Reached * piety under Cheibriados
  1041 | Ossuary  | Reached skill level 6 in Dodging
  1041 | Ossuary  | Reached XP level 8. HP: 36/48 MP: 8/8
  1247 | D:4      | Found an opulent altar of Gozag.
  1332 | D:4      | Found Hoyrhat's Weapon Shop.
  1477 | D:3      | Reached ** piety under Cheibriados
  1523 | D:3      | Found a shadowy altar of Dithmenos.
  1776 | D:2      | Killed Terence
  1921 | D:6      | Noticed a two-headed ogre
  1922 | D:6      | Found a transporter.
  1923 | D:6      | Noticed Tutankhamun's ghost (novice TrMo)
  1931 | D:6      | Found a transporter.
  1957 | D:6      | Gained mutation: You possess an exceptional clarity of
                  | mind. [potion of mutation]
  1957 | D:6      | Gained mutation: Your muscles are strong. (Str +4, Int/Dex
                  | -1) [potion of mutation]
  1969 | D:6      | Reached *** piety under Cheibriados
  1979 | D:6      | Reached skill level 5 in Unarmed Combat
  2054 | D:6      | Reached skill level 7 in Dodging
  2139 | D:7      | Reached XP level 9. HP: 53/53 MP: 9/9
  2143 | D:7      | Found a radiant altar of Vehumet.
  2231 | D:7      | Found Qejaofy's Weapon Emporium.
  2304 | D:7      | Reached **** piety under Cheibriados
  2338 | D:8      | Reached skill level 8 in Dodging
  2511 | D:8      | Noticed Amaemon
  2512 | D:8      | Noticed an orange demon
  2519 | D:8      | Reached XP level 10. HP: 42/58 MP: 10/10
  2519 | D:8      | Killed an orange demon
  2523 | D:8      | Killed Amaemon
  2524 | D:8      | Reached skill level 9 in Dodging
  2601 | D:9      | Found a staircase to the Orcish Mines.
  2653 | D:9      | Noticed a boulder beetle
  2660 | D:9      | Reached ***** piety under Cheibriados
  2689 | D:9      | Killed a boulder beetle
  2701 | D:9      | Noticed Erolcha
  2710 | D:9      | Killed Erolcha
  2739 | D:9      | Found a staircase to the Lair.
  2739 | D:9      | Noticed an elephant
  2776 | D:9      | Found a stormy altar of Qazlal.
  2999 | D:9      | Killed an elephant
  3000 | D:9      | Reached skill level 10 in Dodging
  3000 | D:9      | Reached skill level 1 in Invocations
  3004 | D:9      | Reached XP level 11. HP: 54/63 MP: 10/12
  3105 | D:10     | Entered Level 10 of the Dungeon
  3144 | D:10     | Reached skill level 10 in Stealth
  3251 | D:10     | Found a blossoming altar of Fedhas.
  3586 | D:11     | Noticed a cyclops
  3595 | D:11     | Killed a cyclops
  3596 | D:11     | Reached skill level 1 in Shields
  4014 | D:12     | Noticed a two-headed ogre
  4028 | D:12     | Killed a two-headed ogre
  4133 | D:12     | Identified the +12 shortbow of Imewkimo {speed, Str+4}
  4173 | D:12     | Noticed a deep elf pyromancer
  4191 | D:12     | Killed a deep elf pyromancer
  4192 | D:12     | Reached skill level 11 in Dodging
  4192 | D:12     | Reached skill level 5 in Invocations
  4192 | D:12     | Reached XP level 12. HP: 68/72 MP: 15/15
  4292 | D:13     | Reached skill level 10 in Unarmed Combat
  4305 | D:13     | Found a transporter.
  4309 | D:13     | Found a transporter.
  4310 | D:13     | Noticed Titania's ghost (journeyman GrEE)
  4319 | D:13     | Reached skill level 5 in Shields
  4411 | D:13     | Identified the ring of Secrets {Fly rF+}
  4575 | D:14     | Noticed a centaur warrior
  4575 | D:14     | Noticed a centaur warrior
  4575 | D:14     | Noticed a two-headed ogre
  4575 | D:14     | Found a gate to the Vaults.
  4746 | D:13     | Noticed a tengu warrior
  4939 | Orc:1    | Entered Level 1 of the Orcish Mines
  5021 | Orc:1    | Reached skill level 5 in Fighting
  5156 | Orc:2    | Entered Level 2 of the Orcish Mines
  5186 | Orc:2    | Reached XP level 13. HP: 61/81 MP: 18/18
  5298 | Orc:2    | Found Wiofane's Distillery.
  5317 | Orc:2    | Bought a potion of heal wounds for 85 gold pieces
  5317 | Orc:2    | Bought a potion of heal wounds for 85 gold pieces
  5485 | Orc:2    | Noticed Azrael
  5504 | Orc:2    | Killed Azrael
  5537 | Orc:2    | Reached skill level 12 in Dodging
  5538 | Orc:2    | Found Ulis's Magic Scroll Shoppe.
  5547 | Orc:2    | Bought a scroll of teleportation for 45 gold pieces
  5547 | Orc:2    | Bought a scroll of blinking for 112 gold pieces
  5663 | Orc:2    | Found a staircase to the Elven Halls.
  5675 | Orc:2    | Reached ****** piety under Cheibriados
  5683 | Orc:2    | Found Etsaiw Xeys's Book Shoppe.
  5782 | Orc:2    | Noticed an orc warlord
  5789 | Orc:2    | Killed an orc warlord
  5797 | Orc:2    | Found Affyseger's Antique Weapon Shop.
  5799 | Orc:2    | Found Gimoaff's Antique Armour Boutique.
  5868 | Orc:2    | Bought a book of the Wilderness for 608 gold pieces
  5903 | Orc:2    | Bought a potion of curing for 51 gold pieces
  5903 | Orc:2    | Bought a potion of curing for 51 gold pieces
  5909 | Orc:2    | Learned a level 5 spell: Summon Forest
  6011 | Orc:1    | Reached skill level 1 in Translocations
  6072 | Orc:1    | Reached skill level 1 in Summonings
  6244 | Lair:1   | Entered Level 1 of the Lair of Beasts
  6320 | Lair:2   | Found a hole to the Spider Nest.
  6348 | Lair:2   | Reached skill level 1 in Spellcasting
  6466 | Lair:2   | Reached XP level 14. HP: 65/90 MP: 19/19
  6699 | Lair:3   | Learned a level 5 spell: Summon Mana Viper
  6747 | Lair:3   | Reached skill level 1 in Hexes
  6962 | Lair:3   | Noticed Kirke
  6979 | Lair:3   | Killed Kirke
  6980 | Lair:3   | Reached skill level 10 in Shields
  7000 | Lair:3   | Found a gate leading to a gauntlet.
  7143 | Lair:5   | Entered Level 5 of the Lair of Beasts
  7176 | Lair:4   | Noticed Urug
  7183 | Lair:4   | Killed Urug
  7281 | Lair:5   | Reached skill level 5 in Translocations
  7318 | Lair:5   | Reached skill level 5 in Summonings
  7590 | Lair:4   | Found a viscous altar of Jiyva.
  7590 | Lair:4   | Found a staircase to the Slime Pits.
  7717 | Lair:3   | Noticed Snorg
  7746 | Lair:3   | Killed Snorg
  7839 | Lair:1   | Reached XP level 15. HP: 98/98 MP: 20/20
  7887 | Lair:1   | Learned a level 6 spell: Statue Form
  7981 | Lair:2   | Found a staircase to the Shoals.
  7998 | Shoals:1 | Entered Level 1 of the Shoals
  8068 | Shoals:1 | Reached skill level 1 in Transmutations
  8068 | Shoals:1 | Reached skill level 1 in Earth Magic
  8347 | Shoals:1 | Identified the +8 short sword of Piobb {freeze, rC+ SInv}
  8388 | Shoals:1 | Noticed Mlioglotl
  8403 | Shoals:1 | Killed Mlioglotl
  8569 | Shoals:2 | Reached skill level 5 in Transmutations
  8569 | Shoals:2 | Reached skill level 5 in Earth Magic
  8573 | Shoals:2 | Upgraded the game from 0.30-a0-465-g8901f6c8b5 to
                  | 0.30-a0-474-g5673dd7ce6
  8859 | Shoals:2 | Killed from afar by a water nymph

Illustrated notes

Levels and vault maps discovered:
D:1:      dpeg_arrival_round_b, layout_basic, hellmonk_ecumenical_altar_blasted,
          minmay_split_cup_large
D:2:      layout_rooms, minmay_tall_x, uniq_terence, uniq_crazy_yiuf_cottage
D:3:      layout_rooms, nicolae_dithmenos_the_darkroom
D:4:      layout_basic, general_overflow_altar, serial_shops,
          nicolae_shop_bloodbath_and_beyond, grunt_tough_drop
D:5:      layout_basic, minmay_temple_entry_ruins, gup_ossuary_entry_pyramid,
          minmay_manual_mail
D:6:      layout_cave_pools, grunt_temple_overflow_cloverleaf,
          gammafunk_ghost_smash
D:7:      layout_rooms, trog_hazing_becter, mainiacjoe_overflow_surrounded_room,
          serial_shops, nicolae_square_shop
D:8:      layout_loops_ring, nicolae_tso_carved_into_rock, uniq_amaemon
D:9:      layout_stronghold, grunt_qazlal_sundering,
          nicolae_yredelemnul_ghost_church, david_lair_generic, david_orc_2,
          enter_bailey_2, nzn_sisyphean_effort, uniq_erolcha
D:10:     layout_roguey, fedhas_altar_2
D:11:     layout_basic, hangedman_corner_corridor
D:12:     layout_layer_cave
D:13:     layout_cave_pools, gammafunk_ghost_hive, lightli_minifort
D:14:     layout_cave_pools, david_vaults_3, portal_ice_cave_entry_pillars_1,
          minivault_16
Temple:   jpeg_temple_alley_garden
Lair:1:   layout_chaotic_city, lemuel_fruit_fields
Lair:2:   layout_misc_corridors, minmay_shoals_entry_hut,
          spider_nest_entry_rubble, beast_lair_carwin_6
Lair:3:   layout_concentric_octagons, basic_altar,
          nicolae_volcano_entry_vermiform, gauntlet_entry_generic, uniq_kirke,
          uniq_snorg
Lair:4:   layout_gridlike, slime_entry_1, grunt_megastairs_3, uniq_urug
Lair:5:   minmay_lair_end_frog_pond, layout_big_grid
Shoals:1: layout_shoals, uniq_mlioglotl, uniq_louise
Shoals:2: nicolae_shoals_island_circles, layout_shoals,
          gammafunk_ghost_berserking_beasts, nicolae_shoals_pincushion_passage
Orc:1:    layout_diamond_mine, serial_shops
Orc:2:    grunt_orc_community_town_hall, layout_caves,
          grunt_orc_community_big_house_2, grunt_orc_community_big_house_1,
          grunt_orc_community_house_3, grunt_orc_community_house_1,
          grunt_orc_community_house_3, grunt_orc_community_house_1,
          serial_shops, shop, uniq_azrael

Skill      XL: |  1  2  3  4  5  6  7  8  9 10 11 12 13 14 15 |
---------------+----------------------------------------------+-----
Dodging        | 3 4 5 6 7 8 10 11 12 | 12.2
Stealth        | 2 3 4 5 6 8 9 10 | 10.2
Evocations     | 4 5 6 7 8 |  8.5
Unarmed Combat | 1 2 3 5 7 8 9 10 11 | 11.2
Invocations    | 1 5 6 7 |  7.7
Shields        | 4 7 9 10 | 10.8
Fighting       | 3 5 6 7 |  7.6
Translocations | 2 5 |  5.8
Summonings     | 2 5 |  5.8
Spellcasting   | 1 3 |  3.5
Hexes          | 4 |  4.4
Transmutations | 5 |  5.4
Earth Magic    | 5 |  5.4

Action                   |  1- 3 |  4- 6 |  7- 9 | 10-12 | 13-15 || total
-------------------------+-------+-------+-------+-------+-------++-------
Melee: Unarmed           |    37 |    41 |   328 |   419 |   820 ||  1645
       Tentacles         |     8 |    10 |    90 |   136 |   300 ||   544
       Constrict         |     9 |    11 |    69 |    55 |   162 ||   306
       Punch             |       |     1 |    12 |    39 |    91 ||   143
 Fire: Sling             |       |       |       |       |    10 ||    10
Throw: Dart              |       |       |       |     6 |     2 ||     8
 Cast: Summon Forest     |       |       |       |       |     2 ||     2
       Summon Mana Viper |       |       |       |       |     2 ||     2
Invok: Slouch            |       |       |       |     7 |    18 ||    25
       Step From Time    |       |       |       |       |     1 ||     1
Evoke: Wand              |     3 |    20 |    12 |    13 |    32 ||    80
       Phial of floods   |       |       |       |       |     1 ||     1
  Use: Potion            |       |     5 |     7 |     3 |     5 ||    20
       Scroll            |       |       |     9 |    12 |     9 ||    30
 Stab: Sleeping          |     4 |       |    10 |    11 |    19 ||    44
       Distracted        |       |     1 |     2 |     1 |     2 ||     6
       Invisible         |       |       |     4 |     2 |       ||     6
       Paralysed         |       |       |       |    22 |     8 ||    30
Armor: Skin              |     2 |     2 |    41 |    29 |    58 ||   132
Dodge: Dodged            |    31 |    43 |   280 |   326 |   547 ||  1227
Block: Kite shield       |       |       |       |   210 |   843 ||  1053
       Reflection        |       |       |       |       |     7 ||     7

Table legend: (Time is in decaauts)
 A = Elapsed time spent in this place.
 B = Non-inter-level travel time spent in this place.
 C = Inter-level travel time spent in this place.
 D = Time resting spent in this place.
 E = Time spent auto-exploring this place.
 F = Levels seen in this place.
 G = Mean time per level.
                   A        B        C        D        E       F      G
               +--------+--------+--------+--------+--------+-----+--------+
         Total |  13457 |  11864 |   1593 |    117 |    130 |  25 |  538.3 |
       Dungeon |   6932 |   6165 |    767 |     55 |    122 |  14 |  495.1 |
        Temple |     76 |     35 |     41 |      0 |      0 |   1 |   76.0 |
          Lair |   3111 |   2811 |    300 |     62 |      8 |   5 |  622.2 |
        Shoals |   1070 |    949 |    121 |      0 |      0 |   2 |  535.0 |
  Orcish Mines |   2029 |   1667 |    362 |      0 |      0 |   2 | 1014.5 |
       Ossuary |    237 |    237 |      0 |      0 |      0 |   1 |  237.0 |
               +--------+--------+--------+--------+--------+-----+--------+

Top non-repeatable levels by time:
   Orc:2: 1208 daAuts
    D:11: 1066 daAuts
     D:9: 1052 daAuts
  Lair:2: 972 daAuts
  Lair:3: 837 daAuts
   Orc:1: 820 daAuts
Shoals:1: 780 daAuts
    D:13: 716 daAuts
     D:5: 689 daAuts
  Lair:5: 606 daAuts
    D:10: 574 daAuts
    D:12: 570 daAuts
     D:7: 482 daAuts
     D:4: 454 daAuts
     D:1: 389 daAuts
